 Dungeon Crawl Stone Soup version 0.28-b1-1-g3c77fb2 (webtiles) character file.

Game seed: 9159098950389496629

175 BALLS the Slasher (level 5, -3/27 HPs)
             Began as a Vine Stalker Fighter on Jan 28, 2022.
             Killed by nerve-wracking pain
             ... invoked by Grinder
              (10 damage)
             ... on level 3 of the Dungeon.
             The game lasted 00:07:30 (2456 turns).

BALLS the Slasher (Vine Stalker Fighter)            Turns: 2456, Time: 00:07:31

Health: -3/27      AC:  6    Str: 21    XL:     5   Next: 55%
Magic:  0/6        EV:  9    Int:  8    God:
Gold:   142        SH:  5    Dex: 19    Spells: 4/4 levels left

rFire   . . .      SeeInvis .   a - +0 long sword
rCold   . . .      Faith    .   c - +0 buckler
rNeg    . . .      Spirit   +   b - +0 scale mail
rPois   .          Reflect  .   (no helmet)
rElec   .          Harm     .   (no cloak)
rCorr   .          Rampage  .   (no gloves)
Will    .....                   (no boots)
Stlth   ..........              o - amulet of regeneration
HPRegen 1.69/turn               l - +6 ring of dexterity
MPRegen 0.10/turn               (no ring)

@: no status effects
A: fangs 2, regeneration 1, magic shield, antimagic bite, no potion heal 2
a: no special abilities


You were on level 3 of the Dungeon.
You visited 1 branch of the dungeon, and saw 3 of its levels.

You collected 142 gold pieces.

Inventory:

Hand Weapons
 a - a +0 long sword (weapon)
Armour
 b - a +0 scale mail (worn)
 c - a +0 buckler (worn)
Jewellery
 i - a +6 ring of intelligence
 l - a +6 ring of dexterity (left hand)
 o - an amulet of regeneration (around neck)
Scrolls
 f - 3 scrolls of teleportation {unknown}
 g - 2 scrolls of blinking {unknown}
 j - 2 scrolls of identify {unknown}
 m - 2 scrolls of vulnerability {unknown}
 n - a scroll of fear {unknown}
Potions
 d - 2 potions of might
 e - 2 potions of curing {unknown}
 h - a potion of cancellation {unknown}
 k - a potion of magic {unknown}
 p - a potion of heal wounds {unknown}
 q - a potion of haste {unknown}


   Skills:
 - Level 2.6 Fighting
 + Level 5.1 Long Blades
 - Level 2.4 Armour
 - Level 2.6 Shields


You had 4 spell levels left.
You didn't know any spells.
Your spell library was empty.

Dungeon Overview and Level Annotations

Branches:
Dungeon (3/15)

Altars:
Uskayaw

Annotations:
D:3 Grinder


Innate Abilities, Weirdness & Mutations

You have extremely sharp teeth.
Your natural rate of healing is unusually fast.
When hurt, damage is shared between your health and your magic reserves.
Your bite disrupts and absorbs the magic of your enemies.
Potions cannot restore your health.


Message History

You block the bat's attack.
You slash the bat!
You kill the bat!
Things that are here:
a +4 whip; 3 stones; a bat corpse Grinder and a kobold come into view.
Found a scroll labelled ZALEUH PAKA.
Grinder shouts!
The kobold shouts!
Grinder hits you.
You writhe in agony.
You hit Grinder. Your bite misses Grinder.
Grinder is lightly wounded.
Grinder hits you!
You slash Grinder! You bite Grinder.
Grinder's magic leaks into the air.
You drain her magic.
You feel invigorated.
Grinder is heavily wounded.
Grinder hits you.
You writhe in agony.
You hit Grinder. You bite Grinder.
Grinder's magic leaks into the air.
You drain her magic.
You feel invigorated.
Grinder is severely wounded.
Grinder falters for a moment.
Grinder hits you!
You writhe in agony.
* * * LOW HITPOINT WARNING * * *
You slash Grinder! Your bite misses Grinder.
Grinder is almost dead.
Grinder says, "There's only one good use for a tongue: cutting it out."
Grinder hits you.
* * * LOW HITPOINT WARNING * * *
You hit Grinder.
Grinder is almost dead.
Grinder hits you but does no damage.
You barely miss Grinder.
Grinder is almost dead.
You block Grinder's attack. Grinder hits you.
* * * LOW HITPOINT WARNING * * *
You writhe in agony.
* * * LOW HITPOINT WARNING * * *
You barely miss Grinder.
Grinder is almost dead.
Grinder gestures at you. Pain shoots through your body!
You die...

#.......# ####
####.##.#
#.##.##########
#.##...........
#.############# #.# #
#.# # #########..# #
....?K5@.#.# #
#########..# #
#..##### # #......# #
#.####># # #######.##
#.# # .........# #.#
# ##.......# #.# #
#.......###.#########


You could see Grinder (magic disrupted) and a kobold.

Vanquished Creatures
  An iguana (D:2)
  Natasha (D:3)
  4 gnolls (D:3)
  3 adders
  2 dart slugs (D:1)
  An orc (D:3)
  4 endoplasms
  7 goblins
  6 hobgoblins
  2 jackals (D:1)
  2 quokkas
  6 ball pythons
  4 bats
  A frilled lizard (D:2)
  6 kobolds
  7 rats
57 creatures vanquished.

Notes
Turn   | Place    | Note
-------+----------+-------------------------------------------
     0 | D:1      | BALLS the Vine Stalker Fighter began the quest for the Orb.
     0 | D:1      | Reached XP level 1. HP: 11/11 MP: 2/2
    87 | D:1      | Reached skill level 2 in Long Blades
   177 | D:1      | Reached XP level 2. HP: 15/16 MP: 3/3
   474 | D:1      | Found a faded altar of an unknown god.
   601 | D:1      | Reached skill level 3 in Long Blades
   604 | D:1      | Reached XP level 3. HP: 15/19 MP: 1/4
  1471 | D:2      | Gained mutation: Your natural rate of healing is unusually
                  | fast. [Vine Stalker growth]
  1471 | D:2      | Reached XP level 4. HP: 3/23 MP: 3/5
  1552 | D:2      | Reached skill level 4 in Long Blades
  1699 | D:2      | Found a hide-covered altar of Uskayaw.
  2169 | D:3      | Noticed Natasha
  2185 | D:3      | Killed Natasha
  2186 | D:3      | Reached XP level 5. HP: 11/27 MP: 1/6
  2321 | D:3      | Reached skill level 5 in Long Blades
  2447 | D:3      | Noticed Grinder
  2456 | D:3      | Killed from afar by Grinder

Illustrated notes

Levels and vault maps discovered:
D:1:      saegor_arrival_simple_c, layout_loops_corners,
          ebering_ecumenical_altar_ruins, kennysheep_small_spiral,
          minmay_hexomino_c4
D:2:      layout_loops_cross, basic_altar
D:3:      layout_loops_ring, uniq_grinder, uniq_natasha, uniq_crazy_yiuf_cottage

Skill      XL: |  1  2  3  4  5 |
---------------+----------------+-----
Long Blades    | 2 3 4 5 |  5.1
Fighting       | |  2.6
Armour         | |  2.4
Shields        | |  2.6

Action                   |  1- 3 |  4- 6 || total
-------------------------+-------+-------++-------
Melee: Long sword        |    87 |    85 ||   172
       Bite              |    18 |    21 ||    39
       Unarmed           |       |    12 ||    12
Armor: Scale mail        |    44 |    24 ||    68
Dodge: Dodged            |    41 |    41 ||    82
Block: Buckler           |    25 |    23 ||    48
